 Dungeon Crawl Stone Soup version 0.29-a0-834-g1e95ca9f62 (webtiles) character file.

Game seed: 17551906662863622710

32 gobodom the Stinger (level 3, -5/24 HPs)
             Began as a Demonspawn Venom Mage on July 12, 2022.
             Killed by divine providence
             ... invoked by an orc priest
              (10 damage)
             ... on level 2 of the Dungeon.
             The game lasted 00:03:11 (1396 turns).

gobodom the Stinger (Demonspawn Venom Mage)         Turns: 1396, Time: 00:03:12

Health: -5/24      AC:  6    Str:  8    XL:     3   Next: 8%
Magic:  6/6        EV: 12    Int: 18    God:
Gold:   56         SH:  0    Dex: 13    Spells: 5/6 levels left

rFire   . . .      SeeInvis .   c - staff of poison
rCold   . . .      Faith    .   (no shield)
rNeg    . . .      Spirit   .   a - +0 robe
rPois   +          Reflect  .   (no helmet)
rElec   .          Harm     .   (no cloak)
rCorr   .          Rampage  .   (no gloves)
Will    .....                   h - +1 pair of boots {Fly}
Stlth   ++........              (no amulet)
HPRegen 0.08/turn               (no ring)
MPRegen 0.10/turn               (no ring)

@: flying
A: molten scales 1
a: no special abilities


You were on level 2 of the Dungeon.
You visited 1 branch of the dungeon, and saw 2 of its levels.

You collected 56 gold pieces.

Inventory:

Armour
 a - a +0 robe (worn)
 h - a +1 pair of boots of flying (worn)
Magical Staves
 c - a staff of poison (weapon)
 d - a staff of death
Jewellery
 f - a ring of flight
Scrolls
 e - 2 scrolls of enchant weapon {unknown}
 g - 2 scrolls of teleportation {unknown}
 i - 2 scrolls of identify {unknown}
Potions
 b - a potion of magic
 j - a potion of heal wounds {unknown}
 k - a potion of curing {unknown}
 l - a potion of degeneration {unknown}
 m - a potion of invisibility {unknown}


   Skills:
 * Level 0.1 Staves
 + Level 1.8 Dodging
 + Level 1.8 Stealth
 + Level 2.2 Spellcasting
 + Level 1.3 Transmutations
 + Level 3.4 Poison Magic
 * Level 1.1 Evocations


You had 5 spell levels left.
You knew the following spells:

 Your Spells              Type           Power      Damage    Failure   Level
a - Sting                 Tmut/Pois      64%        1d6       7%          1

Your spell library contained the following spells:

 Spells                   Type           Power      Damage    Failure   Level
 Poisonous Vapours        Pois/Air       24%        N/A       13%         2
 Mephitic Cloud           Conj/Pois/Air  9%         N/A       32%         3
 Olgreb's Toxic Radiance  Pois           21%        N/A       38%         4


Dungeon Overview and Level Annotations

Branches:
Dungeon (2/15)

Altars:


Innate Abilities, Weirdness & Mutations

You are partially covered in molten scales. (AC +2)


Message History

The quokka closely misses you.
You hit the quokka but do no damage.
You envenom the quokka.
The quokka is poisoned.
The quokka is heavily wounded.
The quokka barely misses you.
The quokka bites you but does no damage.
You miss the quokka.
The quokka is almost dead.
You kill the quokka!
You barely miss the rat. The rat closely misses you.
The rat bites you but does no damage.
You hit the rat but do no damage.
You envenom the rat.
The rat is poisoned.
The rat is moderately wounded.
The rat bites you.
You closely miss the rat.
The rat is moderately wounded.
The rat bites you.
You hit the rat.
You kill the rat!
You can't see any susceptible monsters within range! (Use Z to cast anyway.) HP restored.
Magic restored.
Found a stone staircase leading down.
There is a stone staircase leading down here.
An orc comes into view. It is wielding a +0 trident.
An orc priest comes into view. It is wielding a +0 flail.
The orc shouts!
The orc priest shouts!
You hear a shout! x2
The orc priest invokes the aid of Beogh against you.
Beogh smites you!
An orc comes into view. It is wielding a +0 trident.
The orc priest mumbles some strange prayers to Beogh against you.
Beogh smites you!
* * * LOW HITPOINT WARNING * * *
Okay, then.
Really fly into that dispersal trap?
You enter a dispersal trap!
The orc blinks!
You blink.
An orc comes into view. It is wielding a +0 club.
The orc priest invokes the aid of Beogh against you.
Beogh smites you!
You die...

#..# ..########## #..#
#.o.o...o..#########..####
#.#######.................
#######o§######.....####
..o.o.......^......##
.######.#######.#### #.#
#.# #@# #.# #.# #.# #.#
#.# #.# #.# #.# #.# #..
..# ###


You could see an orc priest and an orc.

Vanquished Creatures
  An adder (D:2)
  2 bats (D:1)
  3 endoplasms (D:1)
  3 giant cockroaches (D:1)
  A goblin (D:1)
  A hobgoblin (D:1)
  2 kobolds (D:1)
  A quokka (D:2)
  3 frilled lizards (D:1)
  4 rats
21 creatures vanquished.

Notes
Turn   | Place    | Note
-------+----------+-------------------------------------------
     0 | D:1      | gobodom the Demonspawn Venom Mage began the quest for the
                  | Orb.
     0 | D:1      | Reached XP level 1. HP: 13/13 MP: 3/3
   358 | D:1      | Gained mutation: You are partially covered in molten
                  | scales. (AC +2) [demonic ancestry]
   358 | D:1      | Reached XP level 2. HP: 19/19 MP: 3/5
   543 | D:1      | Reached skill level 1 in Evocations
   614 | D:1      | Found a faded altar of an unknown god.
   679 | D:1      | Reached skill level 1 in Transmutations
  1239 | D:2      | Reached XP level 3. HP: 23/24 MP: 1/6
  1396 | D:2      | Killed from afar by an orc priest

Illustrated notes

Levels and vault maps discovered:
D:1:      noname_arrival_rooms_in_the_neighbourhood, layout_basic,
          hellmonk_ecumenical_altar_blasted
D:2:      layout_loops_ring, hex_medium, minmay_pentomino_o2

Skill      XL: |  1  2 |
---------------+-------+-----
Evocations     | 1 |  1.1
Transmutations | 1 |  1.3
Staves         | |  0.1
Dodging        | |  1.8
Stealth        | |  1.8
Spellcasting   | |  2.2
Poison Magic   | |  3.4

Action                   || total
-------------------------++-------
Melee: Staff             ||    27
 Cast: Sting             ||    30
Armor: Robe              ||    18
Dodge: Dodged            ||    23

Table legend: (Time is in decaauts)
 A = Elapsed time spent in this place.
 B = Non-inter-level travel time spent in this place.
 C = Inter-level travel time spent in this place.
 D = Time resting spent in this place.
 E = Time spent auto-exploring this place.
 F = Levels seen in this place.
 G = Mean time per level.
                   A        B        C        D        E       F      G
               +--------+--------+--------+--------+--------+-----+--------+
         Total |   1400 |   1259 |    141 |      0 |   1065 |   2 |  700.0 |
       Dungeon |   1400 |   1259 |    141 |      0 |   1065 |   2 |  700.0 |
               +--------+--------+--------+--------+--------+-----+--------+

Top non-repeatable levels by time:
     D:1: 1176 daAuts
     D:2: 224 daAuts
